 Dungeon Crawl Stone Soup version 0.28.0-53-g5a82cb258f (webtiles) character file.

Game seed: 3467752318947185

14231 Nyth the Severer (level 11, 0/94 HPs)
             Began as a Minotaur Berserker on Aug 12, 2022.
             Was an Elder of Trog.
             Slain by a sixfirhy (5 damage)
             ... summoned by an orc sorcerer
             ... led by an orc warlord
             ... on level 2 of the Orcish Mines.
             The game lasted 00:45:01 (10031 turns).

Nyth the Severer (Minotaur Berserker)              Turns: 10031, Time: 00:45:03

Health: 0/94       AC: 21    Str: 25    XL:     11   Next: 86%
Magic:  0/10       EV:  9    Int: 10    God:    Trog [****..]
Gold:   772        SH:  5    Dex: 14    Spells: 10/10 levels left

rFire   . . .      SeeInvis +   r - +6 war axe of Accord {venom, Fragile rN+ Str+3 Int+8}
rCold   . . .      Faith    .   c - +0 buckler
rNeg    + . .      Spirit   +   F - +6 plate armour {ponderous}
rPois   .          Reflect  .   (helmet restricted)
rElec   .          Harm     .   (no cloak)
rCorr   .          Rampage  .   (no gloves)
Will    ++...                   (no boots)
Stlth   ..........              f - amulet of guardian spirit
HPRegen 1.25/turn               j - ring of see invisible
MPRegen 0.12/turn               p - +4 ring of slaying

@: strong-willed, on berserk cooldown, regenerating, slowed, very slow
A: horns 2, retaliatory headbutt, dopey 1, evolution 1, subdued magic 1
a: Renounce Religion, Berserk, Trog's Hand, Brothers in Arms


You were on level 2 of the Orcish Mines.
You worshipped Trog.
Trog was greatly pleased with you.
You visited 2 branches of the dungeon, and saw 11 of its levels.

You collected 772 gold pieces.

Inventory:

Hand Weapons
 a - a +4 morningstar
 k - a +2 demon trident of venom
 r - the +6 war axe of Accord (weapon) {venom, Fragile rN+ Str+3 Int+8}
   (You found it on level 4 of the Dungeon)

   It poisons the flesh of those it strikes.
   Str:       It affects your strength (+3).
   Int:       It affects your intelligence (+8).
   rN:        It protects you from negative energy.
   Fragile:   It will be destroyed if unequipped.
 y - a +6 vorpal spear
Missiles
 h - 36 bolts
Armour
 c - a +0 buckler (worn)
 t - a +2 cloak of preservation
 F - a +6 plate armour of ponderousness (worn)
Jewellery
 f - an amulet of guardian spirit (around neck)
 j - a ring of see invisible (left hand)
 p - a +4 ring of slaying (right hand)
 B - an amulet of magic regeneration
 C - a ring of protection from cold
Wands
 b - a wand of paralysis (5)
 e - a wand of mindburst (9)
 g - a wand of polymorph (1)
 q - a wand of flame (15)
 v - a wand of digging (2)
 x - a wand of iceblast (10)
Scrolls
 i - a scroll of summoning
 m - 4 scrolls of fear
 o - a scroll of fog
 s - a scroll of blinking
 E - a scroll of identify
Potions
 d - 3 potions of attraction
 n - a potion of degeneration
 u - a potion of lignification
 z - a potion of magic


   Skills:
 + Level 8.3 Fighting
 - Level 2.3 Short Blades
 - Level 15.6(16.0) Axes
 + Level 5.1(11.4) Maces & Flails
 * Level 12.7 Armour
 + Level 4.2 Dodging
 + Level 1.3 Stealth
 + Level 4.6 Shields


You had 10 spell levels left.
You didn't know any spells.
Your spell library contained the following spells:

 Spells                   Type           Power      Damage    Failure   Level
 Corpse Rot               Necr/Air       0%         N/A       99%         2
 Ensorcelled Hibernation  Hex/Ice        0%         N/A       99%         2
 Passwall                 Tmut/Erth      0%         N/A       99%         2
 Poisonous Vapours        Pois/Air       0%         N/A       99%         2
 Swiftness                Air            0%         N/A       100%        3


Dungeon Overview and Level Annotations

Branches:
Dungeon (9/15)             Temple (0/1) D:5             Orc (2/2) D:9
    Elf (0/3) Orc:2
   Lair: D:8-11

Altars:
Makhleb
Sif Muna

Shops:
Orc:1 :*   Orc:2 !((?


Innate Abilities, Weirdness & Mutations

You have a pair of horns on your head.
You reflexively headbutt those who attack you in melee.
You are dopey. (Int -2)
You have hidden genetic potential.
Your spells are a little easier to cast, but a little less powerful.


Message History

You slash the orc sorcerer!
The orc sorcerer points at you and mumbles some strange words.
The bolt of negative energy hits you! You partially resist.
You feel drained.
* * * LOW HITPOINT WARNING * * *
The orc priest calls upon Beogh to heal the orc sorcerer.
The orc sorcerer is healed somewhat.
The soul eater draws from the surrounding life force!
* * * LOW HITPOINT WARNING * * *
You are too berserk!
You slice the orc sorcerer!!
The orc sorcerer looks as sick as possible!
You claw the orc sorcerer.
You kill the orc sorcerer!
Trog accepts your kill.
Trog appreciates your killing of a magic user.
You are no longer berserk.
You are exhausted.
You feel yourself slow down.
Your life force feels restored.
An orc comes into view.
It is wielding a +1 hand axe of flaming.
The soul eater barely misses you.
Blink to where?
Press: ? - help, Q - select action, (/) - cycle Dir - move target
As you read the scroll of blinking, it crumbles to dust.
Your skin stops crawling.
You feel less strong-willed.
You feel extremely strange.
You feel a little more calm.
Your talons dull and shrink into feet.
Your fingernails shrink to normal size.
You feel stupid.
You feel a hidden potential growing inside you.
You feel robust.
Your skin crawls.
You feel strong-willed.
The soul eater disappears in a puff of smoke!
The sixfirhy hits you!
* * * LOW HITPOINT WARNING * * *
The sixfirhy shocks you!
* * * LOW HITPOINT WARNING * * *
The sixfirhy hits you but does no damage.
The sixfirhy hits you.
You die...

...............)...#..##...#∩#...
...........).......#..#. #....o#.
..........)##......#....###...###
.#...........#.....#.....#.....#.
#..................#.......# #o..
...................#......#####o.
........#..........##......o.))).
......)...)#.....3..##......o....
.<.....))..)#...@#...######3o.###
.....>#.........###....oo.)o.....
..#.##......#)...###..§...)).....
.$.......)##....## #.............
....#....#......# #..............
..................#..............
...................#....##.......
...................###.###...#...
.................. ## #......#


You could see a sixfirhy (summoned).

Vanquished Creatures
  An orc high priest (Orc:1)
  Urug (Orc:1)
  An orc knight (Orc:2)
  5 orc sorcerers
  A cyclops (Orc:1)
  A troll (D:9)
  8 yaks (D:9)
  Menkaure (D:6)
  A warg (Orc:1)
  An acid dragon (D:8)
  20 orc warriors
  2 sky beasts
  2 ice beasts
  2 ogres
  5 centaurs
  A phantom (D:6)
  2 bullfrogs (D:8)
  A gnoll sergeant (D:8)
  2 scorpions
  A wyvern zombie (D:9)
  A water moccasin skeleton (D:4)
  3 wights (D:8)
  3 killer bees (D:7)
  2 electric eels (D:8)
  A lava snake (Orc:1)
  A centaur zombie (D:6)
  4 hounds
  14 orc priests
  A jelly (D:5)
  A centaur skeleton (D:5)
  Crazy Yiuf (D:4)
  A bullfrog skeleton (D:5)
  5 iguanas
  29 orc wizards
  A killer bee zombie (D:5)
  2 hound skeletons (D:5)
  A howler monkey zombie (D:9)
  A howler monkey skeleton (D:6)
  5 gnolls (D:8)
  8 adders
  A white imp (D:5)
  An ufetubus (D:6)
  A worm (D:2)
  2 dart slugs
  47 orcs
  7 bats
  4 endoplasms
  5 giant cockroaches
  6 goblins
  7 hobgoblins
  10 jackals
  5 quokkas
  3 ball pythons
  A frilled lizard (D:2)
  11 kobolds
  3 rats
258 creatures vanquished.

Vanquished Creatures (collateral kills)
  An orc warlord (Orc:2)
  An orc high priest (Orc:2)
  2 orc sorcerers (Orc:2)
  A troll (Orc:2)
  A warg (Orc:2)
  5 orc warriors (Orc:2)
  An orc priest (Orc:2)
  4 orc wizards (Orc:2)
  An orc (Orc:2)
17 creatures vanquished.

Vanquished Creatures (others)
  An orc wizard (D:9)
  2 plants (D:2)
3 creatures vanquished.

Grand Total: 278 creatures vanquished

Notes
Turn   | Place    | Note
-------+----------+-------------------------------------------
     0 | D:1      | Nyth the Minotaur Berserker began the quest for the Orb.
     0 | D:1      | Reached XP level 1. HP: 19/19 MP: 0/0
   278 | D:1      | Reached XP level 2. HP: 21/27 MP: 1/1
   401 | D:1      | Found a faded altar of an unknown god.
   852 | D:1      | Reached XP level 3. HP: 33/33 MP: 2/2
  1107 | D:2      | Reached ** piety under Trog
  1405 | D:2      | Reached skill level 1 in Short Blades
  1567 | D:2      | Reached XP level 4. HP: 40/40 MP: 3/3
  1697 | D:3      | Found a burning altar of Makhleb.
  1970 | D:3      | Reached skill level 5 in Maces & Flails
  2096 | D:3      | Reached XP level 5. HP: 43/46 MP: 4/4
  2472 | D:4      | Reached skill level 1 in Shields
  2545 | D:4      | Reached XP level 6. HP: 53/53 MP: 5/5
  2630 | D:4      | Reached *** piety under Trog
  2792 | D:4      | Identified the +6 war axe of Accord {venom, Fragile rN+
                  | Str+3 Int+8}
  3010 | D:4      | Found a runed translucent door.
  3011 | D:4      | Noticed Crazy Yiuf
  3133 | D:4      | Killed Crazy Yiuf
  3252 | D:5      | Entered Level 5 of the Dungeon
  3256 | D:5      | Reached skill level 1 in Axes
  3260 | D:5      | Reached skill level 5 in Armour
  3268 | D:5      | Noticed a sky beast
  3272 | D:5      | Reached skill level 2 in Axes
  3274 | D:5      | Reached XP level 7. HP: 60/60 MP: 3/6
  3277 | D:5      | Reached skill level 3 in Axes
  3277 | D:5      | Found a shimmering blue altar of Sif Muna.
  3528 | D:5      | Reached skill level 4 in Axes
  3781 | D:5      | Reached skill level 5 in Axes
  3855 | D:5      | Found a staircase to the Ecumenical Temple.
  4207 | D:6      | Reached skill level 5 in Fighting
  4207 | D:6      | Reached skill level 6 in Axes
  4207 | D:6      | Reached XP level 8. HP: 68/68 MP: 5/7
  4431 | D:6      | Noticed Menkaure
  4436 | D:6      | Killed Menkaure
  4437 | D:6      | Reached skill level 7 in Axes
  4701 | D:6      | Reached skill level 1 in Stealth
  4722 | D:6      | Gained mutation: You have hidden genetic defects. [potion
                  | of mutation]
  4722 | D:6      | Gained mutation: You tend to lose your temper in combat.
                  | [potion of mutation]
  4722 | D:6      | Gained mutation: You have sharp fingernails. [potion of
                  | mutation]
  4722 | D:6      | Gained mutation: You have sharp toenails. [potion of
                  | mutation]
  5347 | D:7      | Reached skill level 8 in Axes
  5571 | D:8      | Gained mutation: Your spells are a little easier to cast,
                  | but a little less powerful. [hidden defects]
  5573 | D:8      | Found a flagged portal.
  5586 | D:8      | Reached skill level 9 in Axes
  5634 | D:8      | Reached XP level 9. HP: 74/74 MP: 8/8
  5667 | D:8      | Gained mutation: You are frail. (-10% HP) [hidden defects]
  5667 | D:8      | Lost mutation: You have hidden genetic defects. [hidden
                  | defects expressed]
  6301 | D:8      | Reached skill level 10 in Axes
  6978 | D:9      | Noticed a troll
  6985 | D:9      | Killed a troll
  6986 | D:9      | Reached skill level 11 in Axes
  7233 | D:9      | Reached skill level 12 in Axes
  7235 | D:9      | Reached XP level 10. HP: 74/74 MP: 6/9
  7510 | D:9      | Reached **** piety under Trog
  7949 | D:9      | Found a staircase to the Orcish Mines.
  7967 | Orc:1    | Entered Level 1 of the Orcish Mines
  7973 | Orc:1    | Found Zepsas Jisa's Book Shoppe.
  8038 | Orc:1    | Found Yjynniut's General Store.
  8056 | Orc:1    | Noticed a cyclops
  8070 | Orc:1    | Killed a cyclops
  8071 | Orc:1    | Reached skill level 13 in Axes
  8071 | Orc:1    | Reached skill level 10 in Armour
  8141 | Orc:1    | Noticed Urug
  8159 | Orc:1    | Killed Urug
  8479 | Orc:1    | Noticed an orc sorcerer
  8490 | Orc:1    | Noticed an orange demon
  8499 | Orc:1    | Killed an orc sorcerer
  8520 | Orc:1    | Noticed an orc high priest
  8526 | Orc:1    | Noticed a smoke demon
  8536 | Orc:1    | Killed an orc high priest
  8537 | Orc:1    | Reached skill level 14 in Axes
  9752 | Orc:2    | Entered Level 2 of the Orcish Mines
  9779 | Orc:2    | Reached XP level 11. HP: 81/81 MP: 7/10
  9809 | Orc:2    | Found a staircase to the Elven Halls.
  9823 | Orc:2    | Noticed an orc sorcerer
  9828 | Orc:2    | Paralysed by an orc sorcerer for 7 turns
  9837 | Orc:2    | Killed an orc sorcerer
  9859 | Orc:2    | Noticed an orc knight
  9890 | Orc:2    | Killed an orc knight
  9931 | Orc:2    | Noticed an orc sorcerer
  9945 | Orc:2    | Killed an orc sorcerer
  9952 | Orc:2    | Noticed an orc sorcerer
  9957 | Orc:2    | Killed an orc sorcerer
  9958 | Orc:2    | Reached skill level 15 in Axes
  9966 | Orc:2    | Noticed an orc sorcerer
  9966 | Orc:2    | Noticed an orc high priest
  9967 | Orc:2    | Noticed an orc warlord
  9969 | Orc:2    | Found Heviwk's Magic Scroll Emporium.
  9969 | Orc:2    | Found Ymig's Distillery.
  9969 | Orc:2    | Found Uggecsot's Antique Weapon Emporium.
  9970 | Orc:2    | Killed an orc sorcerer
  9975 | Orc:2    | Noticed an orc sorcerer
  9977 | Orc:2    | Noticed a sixfirhy
  9978 | Orc:2    | Noticed an orc sorcerer
  9979 | Orc:2    | Killed an orc sorcerer
  9985 | Orc:2    | Found Ceazor's Antique Weapon Shoppe.
  9999 | Orc:2    | Killed an orc high priest
 10007 | Orc:2    | Noticed an orc sorcerer
 10007 | Orc:2    | Killed an orc warlord
 10019 | Orc:2    | Noticed a soul eater
 10025 | Orc:2    | Killed an orc sorcerer
 10026 | Orc:2    | Noticed a sixfirhy
 10028 | Orc:2    | Lost mutation: You tend to lose your temper in combat.
                  | [potion of mutation]
 10028 | Orc:2    | Lost mutation: You have sharp toenails. [potion of
                  | mutation]
 10028 | Orc:2    | Lost mutation: You have sharp fingernails. [potion of
                  | mutation]
 10028 | Orc:2    | Gained mutation: You are dopey. (Int -2) [potion of
                  | mutation]
 10028 | Orc:2    | Gained mutation: You have hidden genetic potential. [potion
                  | of mutation]
 10028 | Orc:2    | Lost mutation: You are frail. (-10% HP) [potion of
                  | mutation]
 10031 | Orc:2    | Slain by a sixfirhy

Illustrated notes

Levels and vault maps discovered:
D:1:      minmay_arrival_cross, layout_basic, chequers_ecumenical_altar_twisty
D:2:      layout_rooms, serial_forest, infiniplex_forest_clump_medium,
          infiniplex_forest_straight_5, infiniplex_forest_clump_curved,
          infiniplex_forest_end_2, infiniplex_forest_clump_tiny,
          infiniplex_forest_corner_2, infiniplex_forest_clump_tiny
D:3:      layout_basic, mainiacjoe_overflow_catwalk
D:4:      layout_rooms, nicolae_elevator_lobby_plus, uniq_crazy_yiuf_cottage
D:5:      layout_basic, minmay_temple_entry_overgrown, minmay_ruined_shrine
D:6:      layout_basic, nicolae_figureground_pulse, uniq_menkaure
D:7:      layout_rooms, chequers_ossuary_entry_cave, grunt_ministairs_4
D:8:      layout_basic, enter_bailey_6, corexii_checkpoint_b,
          nrook_mini_backslash
D:9:      layout_cave_pools, erik_orc_2
Orc:1:    layout_caves, serial_shops, nicolae_shop_statue_plus,
          nicolae_shop_crystal, nicolae_orc_lava_tube, uniq_urug
Orc:2:    st_orc_mages, layout_caves

Skill      XL: |  1  2  3  4  5  6  7  8  9 10 11 |
---------------+----------------------------------+-----
Maces & Flails | 4 5 |  5.1
Fighting       | 4 5 6 8 |  8.3
Short Blades   | 1 2 |  2.3
Armour         | 3 4 5 6 7 9 10 12 | 12.7
Dodging        | 3 4 |  4.2
Shields        | 1 2 3 4 |  4.6
Axes           | 2 6 9 12 14 15 | 15.6
Stealth        | 1 |  1.3

Action                   |  1- 3 |  4- 6 |  7- 9 | 10-12 || total
-------------------------+-------+-------+-------+-------++-------
Melee: Mace              |    21 |       |       |       ||    21
       Dagger            |    69 |    55 |       |       ||   124
       Headbutt          |    10 |     7 |    27 |    29 ||    73
       War axe           |       |    21 |   138 |   181 ||   340
       Kick              |       |       |    17 |    61 ||    78
Invok: Berserk           |       |     3 |     8 |     8 ||    19
       Trog's Hand       |       |       |     7 |    16 ||    23
       Brothers in Arms  |       |       |       |     1 ||     1
Evoke: Wand              |       |       |       |     1 ||     1
  Use: Scroll            |       |    10 |     3 |     6 ||    19
       Potion            |       |     2 |     3 |     6 ||    11
Armor: Leather armour    |    11 |       |       |       ||    11
       Animal skin       |     1 |       |       |       ||     1
       Chain mail        |    19 |    42 |    89 |    13 ||   163
       Plate armour      |       |       |       |    74 ||    74
Dodge: Dodged            |    49 |    35 |    79 |    65 ||   228
Block: Buckler           |    11 |     8 |    43 |    35 ||    97
